 Dungeon Crawl Stone Soup version 0.29-a0-322-g68df515428 (webtiles) character file.

Game seed: 3149502634225654684

812 Cecur the Conjurer (level 7, -3/28 HPs)
             Began as a Felid Conjurer on Apr 8, 2022.
             Was an Initiate of Ru.
             Slain by an orc warrior
             ... wielding a +2 vorpal scimitar
              (4 damage)
             ... on level 7 of the Dungeon.
             The game lasted 00:16:08 (7867 turns).

Cecur the Conjurer (Felid Conjurer)                 Turns: 7867, Time: 00:16:09

Health: -3/28      AC:  2    Str:  3    XL:     7   Next: 61%
Magic:  1/17       EV: 28    Int: 21    God:    Ru [......]
Gold:   80         SH:  0    Dex: 21    Spells: 6/19 levels left
                                        Lives:  0   Deaths: 2

rFire   . . .      SeeInvis +     - Unarmed
rCold   . . .      Faith    .   (shield unavailable)
rNeg    . . .      Spirit   .   (body armour unavailable)
rPois   .          Reflect  .   (helmet unavailable)
rElec   +          Harm     .   (cloak unavailable)
rCorr   .          Rampage  .   (gloves unavailable)
Will    +....                   (boots unavailable)
Stlth   +++.......              (no amulet)
HPRegen 0.09/turn               h - ring "Taor" {*Slow rElec EV+4 Int+2 Dex+4}
MPRegen 0.15/turn               u - +4 ring of evasion

@: quick
A: very small, claws 1, fangs 3, see invisible, speed 1, shaggy fur 2, stealthy
paws, no weapons or thrown items, no armour, multi-lived
a: Renounce Religion, Sacrifice an Eye, Sacrifice Arcana, Sacrifice Courage,
Reject Sacrifices


You were on level 7 of the Dungeon.
You worshipped Ru.
Ru was noncommittal.
You visited 1 branch of the dungeon, and saw 7 of its levels.

You collected 1268 gold pieces.
You spent 1188 gold pieces at shops.

Inventory:

Jewellery
 d - a ring of magical power
 e - the ring "Ocwybb" {Wiz rCorr Str+4}
   (You bought it in a shop on level 1 of the Dungeon)

   [ring of wizardry]

   It improves your spell success rate.
   Str:       It affects your strength (+4).
   rCorr:     It protects you from acid and corrosion.
 h - the ring "Taor" (left paw) {*Slow rElec EV+4 Int+2 Dex+4}
   (You bought it in a shop on level 1 of the Dungeon)

   [ring of evasion]

   EV:        It affects your evasion (+4).
   Int:       It affects your intelligence (+2).
   Dex:       It affects your dexterity (+4).
   rElec:     It insulates you from electricity.
   *Slow:     It may slow you when you take damage.
 u - a +4 ring of evasion (right paw)
 x - a ring of willpower
 D - a ring of protection from fire
Wands
 q - a wand of mindburst (20)
 t - a wand of polymorph (15)
 w - a wand of iceblast (9)
Scrolls
 b - a scroll of fog
 f - 6 scrolls of teleportation
 j - a scroll of amnesia
 o - a scroll of vulnerability
 y - 4 scrolls of enchant armour
Potions
 a - a potion of magic
 c - 2 potions of ambrosia
 g - 3 potions of invisibility
 i - 2 potions of degeneration
 l - 3 potions of mutation
 n - 3 potions of haste
 p - a potion of lignification {unknown}
 r - 2 potions of heal wounds {unknown}
 s - 3 potions of berserk rage {unknown}
 z - 2 potions of might {unknown}
 A - 2 potions of brilliance {unknown}
 C - a potion of attraction {unknown}
 E - a potion of curing {unknown}


   Skills:
 + Level 0.7 Fighting
 + Level 5.2 Dodging
 + Level 4.8 Stealth
 + Level 1.6 Unarmed Combat
 + Level 6.6 Spellcasting
 + Level 7.3 Conjurations
 * Level 4.1 Hexes
 * Level 1.9 Fire Magic


You had 6 spell levels left.
You knew the following spells:

 Your Spells              Type           Power      Damage    Failure   Level
a - Magic Dart            Conj           100%       1d8       1%          1
b - Searing Ray           Conj           74%        2d7       1%          2
c - Fulminant Prism       Conj/Hex       15%        3d11      9%          4
d - Starburst             Conj/Fire      13%        6d5       91%         6

Your spell library contained the following spells:

 Spells                   Type           Power      Damage    Failure   Level
 Dazzling Flash           Conj/Hex       62%        N/A       2%          3
 Beastly Appendage        Tmut           12%        N/A       10%         1
 Wereblood                Tmut           6%         N/A       14%         2
 Iskenderun's Mystic Bla  Conj/Tloc      22%        2d6       21%         4
 Spider Form              Tmut/Pois      6%         N/A       28%         3


Dungeon Overview and Level Annotations

Branches:
Dungeon (7/15)
 Temple: D:4-7

Altars:
Ashenzari
Ru
Uskayaw

Shops:
D:1 *=   D:2 *

Annotations:
D:5 2 transporters, seaofthunder's ghost, amateur HOFi


Innate Abilities, Weirdness & Mutations

You have sharp claws.
You have razor-sharp teeth.
You have supernaturally acute eyesight. (SInv)
You cover ground quickly. (Speed+)
You are covered in thick fur. (AC +2)
Your paws help you pounce on unaware monsters.
You are incapable of wielding weapons or throwing items.
You cannot wear armour.
You gain extra lives every three experience levels.


Message History

The iguana is lightly wounded.
Casting: Magic Dart (safe; 1% risk of failure)
Confirm with . or Enter, or press ? or * to list all spells.
Aiming: Searing Ray (safe; 1% risk of failure)
Press: ? - help, Shift-Dir - straight line, f/p - iguana
Aim: an iguana (lightly wounded, 83% to hit)
The searing ray hits the iguana!
The iguana is severely wounded. (Press . to maintain the ray.)
The searing ray hits the iguana!
You kill the iguana!
The searing ray hits the orc warrior.
The orc warrior is lightly wounded.
The searing ray hits the orc warrior!
The orc warrior is moderately wounded.
The searing ray hits the orc warrior!
The orc warrior is severely wounded.
You finish channelling your searing ray.
Casting: Searing Ray (safe; 1% risk of failure)
Confirm with . or Enter, or press ? or * to list all spells.
Aiming: Searing Ray (safe; 1% risk of failure)
Press: ? - help, Shift-Dir - straight line, f - orc warrior
Aim: an orc warrior, wielding a +2 vorpal scimitar and wearing a +0 chain mail (severely wounded, 78% to hit)
The searing ray hits the orc warrior.
The orc warrior is almost dead. (Press . to maintain the ray.)
The searing ray misses the orc warrior.
The orc warrior barely misses you.
Without enough magic to sustain it, your searing ray dissipates.
The orc warrior misses you.
Casting: Searing Ray (safe; 1% risk of failure)
Confirm with . or Enter, or press ? or * to list all spells.
Okay, then.
You scratch the orc warrior but do no damage.
The orc warrior is almost dead.
The orc wizard points at you and mumbles some strange words.
The magic dart hits you.
The orc warrior hits you with a +2 vorpal scimitar!!
Ouch! That really hurt!
* * * LOW HITPOINT WARNING * * *
You die...

#...........
#......(.... #..........
## ##.....#... ..
#..####### ###. #.##
##.. #.########
...###.o#######.........
...>..†@..†.o........###
######.#######..####....
#.######..## #####
#........## #..#######
.. .. .. ######


You could see an orc warrior and an orc wizard.

Vanquished Creatures
  2 water moccasins
  An ice beast (D:7)
  2 centaurs
  A phantom (D:5)
  2 bullfrogs (D:6)
  A kobold brigand (D:6)
  2 scorpions
  3 wights (D:7)
  6 killer bees
  2 howler monkeys (D:6)
  3 hounds
  3 jellies
  3 orc priests
  3 iguanas
  5 orc wizards
  7 adders
  2 worms
  2 dart slugs
  21 orcs
  8 endoplasms
  2 giant cockroaches (D:3)
  8 goblins
  7 hobgoblins
  6 jackals
  4 kobolds (D:6)
  2 quokkas
  8 ball pythons
  4 bats
  A frilled lizard (D:3)
  9 rats
130 creatures vanquished.

Vanquished Creatures (others)
  3 fulminant prisms (D:7)
3 creatures vanquished.

Grand Total: 133 creatures vanquished

Notes
Turn   | Place    | Note
-------+----------+-------------------------------------------
     0 | D:1      | Cecur the Felid Conjurer began the quest for the Orb.
     0 | D:1      | Reached XP level 1. HP: 7/7 MP: 4/4
   200 | D:1      | Found Seto's General Store.
   286 | D:1      | Reached skill level 4 in Conjurations
   286 | D:1      | Reached XP level 2. HP: 11/11 MP: 6/6
   536 | D:1      | Found a faded altar of an unknown god.
   548 | D:1      | Prayed at the altar of an unknown god.
   548 | D:1      | Became a worshipper of Ru the Awakened
   632 | D:1      | Found Oczif's Jewellery Shoppe.
   861 | D:2      | Reached XP level 3. HP: 14/14 MP: 7/7
  1302 | D:2      | Found Qerehek's Assorted Antiques.
  1499 | D:2      | Found a broken altar of Ashenzari.
  1822 | D:3      | Reached XP level 4. HP: 18/18 MP: 9/9
  1823 | D:3      | Noticed a water moccasin
  2040 | D:3      | Killed a water moccasin
  2041 | D:3      | Reached skill level 5 in Conjurations
  2041 | D:3      | Reached XP level 5. HP: 16/21 MP: 11/11
  2820 | D:4      | Learned a level 2 spell: Searing Ray
  2825 | D:4      | Learned a level 4 spell: Fulminant Prism
  3294 | D:4      | Reached skill level 1 in Unarmed Combat
  3447 | D:5      | Entered Level 5 of the Dungeon
  3465 | D:5      | Gained mutation: You are covered in thick fur. (AC +2)
                  | [Felid growth]
  3465 | D:5      | Reached XP level 6. HP: 17/24 MP: 11/12
  3933 | D:5      | Reached XP level 7. HP: 27/27 MP: 14/14
  4057 | D:5      | Noticed seaofthunder's ghost (amateur HOFi)
  4058 | D:5      | Found a transporter.
  4058 | D:5      | Identified the +8 great mace of the Pill Bug {drain, rElec
                  | Dex-2 Stlth+}
  4061 | D:5      | Found a transporter.
  4597 | D:6      | Reached skill level 6 in Conjurations
  4975 | D:6      | Reached skill level 5 in Spellcasting
  5076 | D:6      | Found a hide-covered altar of Uskayaw.
  5283 | D:6      | Slain by an iguana
  5284 | D:6      | Reached XP level 6. HP: -1/24 MP: 20/24
  5305 | D:6      | Reached XP level 7. HP: 18/27 MP: 16/16
  5616 | D:6      | Identified a scroll of acquirement
  5616 | D:6      | Acquired 935 gold pieces
  5934 | D:1      | Bought the ring "Ocwybb" {Wiz rCorr Str+4} for 561 gold
                  | pieces
  5934 | D:1      | Bought the ring "Taor" {*Slow rElec EV+4 Int+2 Dex+4} for
                  | 627 gold pieces
  6307 | D:6      | Learned a level 6 spell: Starburst
  6431 | D:7      | Reached skill level 1 in Hexes
  6615 | D:7      | Reached skill level 1 in Fire Magic
  6954 | D:7      | Reached XP level 8. HP: 7/31 MP: 9/18
  7045 | D:7      | Reached skill level 5 in Dodging
  7045 | D:7      | Reached skill level 7 in Conjurations
  7838 | D:7      | Engulfed by a steam dragon's steam
  7839 | D:7      | Reached XP level 7. HP: -1/28 MP: 8/17
  7867 | D:7      | HP: 1/28 [orc warrior/+2 vorpal scimitar (23)]
  7867 | D:7      | Slain by an orc warrior

Illustrated notes

Levels and vault maps discovered:
D:1:      dpeg_arrival_shrine, layout_basic, serial_shops, shop,
          nicolae_lakefront_shop, nicolae_ecumenical_snake_handling
D:2:      layout_basic, basic_altar, serial_shops, nicolae_shop_hallway_plus,
          minmay_goblin_outpost
D:3:      layout_basic
D:4:      layout_rooms, kennysheep_path_1, minmay_hedge_maze,
          kennysheep_generic_room_4
D:5:      layout_basic, gammafunk_ghost_smash, hangedman_abyss_or_decor_stagger
D:6:      layout_rooms, nicolae_uskayaw_dance_studio
D:7:      layout_rooms, minmay_temple_entry_poolview

Skill      XL: |  1  2  3  4  5  6  7  8 |
---------------+-------------------------+-----
Conjurations   | 4 5 6 7 |  7.3
Dodging        | 3 4 5 |  5.2
Stealth        | 3 4 |  4.8
Spellcasting   | 3 4 6 |  6.6
Unarmed Combat | 1 |  1.6
Hexes          | 3 4 |  4.1
Fire Magic     | 1 |  1.9
Fighting       | |  0.7

Action                   |  1- 3 |  4- 6 |  7- 9 || total
-------------------------+-------+-------+-------++-------
Melee: Unarmed           |       |    13 |    10 ||    23
       Bite              |       |     3 |     1 ||     4
 Cast: Magic Dart        |    89 |   114 |   135 ||   338
       Searing Ray       |       |     2 |    28 ||    30
       Fulminant Prism   |       |       |     3 ||     3
Invok: Reject Sacrifices |     1 |       |       ||     1
  Use: Scroll            |       |       |    16 ||    16
Armor: Skin              |       |     6 |     3 ||     9
Dodge: Dodged            |     3 |    59 |   122 ||   184

Table legend: (Time is in decaauts)
 A = Elapsed time spent in this place.
 B = Non-inter-level travel time spent in this place.
 C = Inter-level travel time spent in this place.
 D = Time resting spent in this place.
 E = Time spent auto-exploring this place.
 F = Levels seen in this place.
 G = Mean time per level.
                   A        B        C        D        E       F      G
               +--------+--------+--------+--------+--------+-----+--------+
         Total |   7136 |   6746 |    390 |    786 |   5162 |   7 | 1019.4 |
       Dungeon |   7136 |   6746 |    390 |    786 |   5162 |   7 | 1019.4 |
               +--------+--------+--------+--------+--------+-----+--------+

Top non-repeatable levels by time:
     D:6: 1997 daAuts
     D:5: 1019 daAuts
     D:2: 999 daAuts
     D:3: 909 daAuts
     D:7: 903 daAuts
     D:1: 759 daAuts
     D:4: 547 daAuts
